 Dungeon Crawl Stone Soup version 0.28.0-49-g6dfe1f597d (webtiles) character file.

Game seed: 13860736328930260856

296 pkoi the Charlatan (level 5, 0/39 HPs)
             Began as a Demigod Artificer on May 16, 2022.
             Slain by Natasha (5 damage)
             ... on level 4 of the Dungeon.
             The game lasted 00:04:09 (4075 turns).

pkoi the Charlatan (Demigod Artificer)              Turns: 4075, Time: 00:04:09

Health: 0/39       AC:  7    Str: 17    XL:     5   Next: 87%
Magic:  7/7        EV: 10    Int: 13    God:
Gold:   41         SH:  0    Dex: 14    Spells: 4/4 levels left

rFire   . . .      SeeInvis .   f - +0 whip
rCold   . . .      Faith    .   (no shield)
rNeg    . . .      Spirit   .   j - +0 scale mail
rPois   .          Reflect  .   (no helmet)
rElec   .          Harm     .   (no cloak)
rCorr   .          Rampage  .   p - +0 pair of gloves
Will    .....                   (no boots)
Stlth   ..........              (no amulet)
HPRegen 0.13/turn               (no ring)
MPRegen 0.10/turn               (no ring)

@: no status effects
A: high MP 1, forlorn, divine attributes
a: no special abilities


You were on level 4 of the Dungeon.
You visited 1 branch of the dungeon, and saw 3 of its levels.

You collected 41 gold pieces.

Inventory:

Hand Weapons
 a - a +0 club
 f - a +0 whip (weapon)
 o - a +0 war axe
Missiles
 n - 6 poisoned darts
Armour
 b - a +0 leather armour
 j - a +0 scale mail (worn)
 p - a +0 pair of gloves (worn)
Wands
 c - a wand of flame (16) (quivered)
 d - a wand of charming (15)
Scrolls
 h - a scroll of amnesia {unknown}
 l - 2 scrolls of identify {unknown}
 m - a scroll of enchant armour {unknown}
Potions
 g - 2 potions of haste
 i - a potion of heal wounds
 k - a potion of might {unknown}
 q - a potion of degeneration {unknown}
 r - a potion of curing {unknown}
Miscellaneous
 e - a piece from Xom's chessboard (7/15)


   Skills:
 - Level 0.8 Fighting
 + Level 2.2 Armour
 + Level 1.6 Dodging
 - Level 0.8 Stealth
 + Level 1.1 Unarmed Combat
 * Level 5.7 Evocations


You had 4 spell levels left.
You didn't know any spells.
Your spell library contained the following spells:

 Spells                   Type           Power      Damage    Failure   Level
 Blink                    Tloc           0%         N/A       85%         2
 Lesser Beckoning         Tloc           0%         N/A       97%         3
 Manifold Assault         Tloc           0%         N/A       100%        5


Dungeon Overview and Level Annotations

Branches:
Dungeon (2/15)

Annotations:
D:4 1 runed translucent door, Brotato's ghost, amateur GrFi; Natasha


Innate Abilities, Weirdness & Mutations

You have an increased reservoir of magic. (+10% MP)
You shall have no god before yourself.
Your divine heritage dramatically boosts your attributes as you level up.


Message History

a +0 flail; a +0 robe You start resting.
HP restored.
You start waiting.
Done waiting.
Unknown command.
Found a stone staircase leading down.
Found a stone staircase leading up.
Natasha, Servant of Life and Death comes into view.
Natasha casts a spell at you.
You feel yourself slow down. Natasha claws you but does no damage.
Natasha barely misses you. Natasha claws you.
Natasha claws you but does no damage.
Natasha extends her claws. x2
Natasha completely misses you.
You make a move on Xom's chessboard...
Natasha seems to grow stronger.
Natasha claws you.
Unknown command.
You make a move on Xom's chessboard...
Natasha struggles to resist.
Natasha claws you. Natasha claws you!
* * * LOW HITPOINT WARNING * * *
Unknown command.
You make a move on Xom's chessboard...
Natasha resists with significant effort.
Natasha claws you!
* * * LOW HITPOINT WARNING * * *
Unknown command.
You make a move on Xom's chessboard...
Natasha twists and deforms.
Natasha claws you.
* * * LOW HITPOINT WARNING * * *
Natasha mumbles some strange words.
Natasha shimmers violently.
Natasha claws you.
* * * LOW HITPOINT WARNING * * *
You make a move on Xom's chessboard...
Natasha twists and deforms.
You feel yourself speed up. Natasha claws you.
You die...

#.#.##.### #.#.##.)..
###.#.##.### #......#.#.#
###.#.#..#.#.# ......# ...
#........#.#.# ......# ...
#........#.#.# ......#
#.########........#.#.. ......#
#.##<.@h..........#.#.# .....
#.########......###.#.#
##.########.########......###.#.#
.............................>#.#
..................###..#.#.####.#
............#####......#.#.# #o#
###########.# #..##.##.#.####.#
#.#####................
#.........##.#.#.####..


You could see Natasha (strong, misshapen).

Vanquished Creatures
  An ice beast (D:4)
  Blork the orc (D:4)
  A hound (D:4)
  A jelly (D:4)
  An iguana (D:4)
  Natasha (D:4)
  A dart slug (D:2)
  An orc (D:4)
  4 endoplasms
  2 goblins
  A hobgoblin (D:1)
  4 jackals (D:4)
  4 kobolds
  A quokka (D:1)
  A ball python (D:1)
  3 bats
  A frilled lizard (D:1)
  A rat (D:2)
30 creatures vanquished.

Vanquished Creatures (others)
  2 withered plants (D:4)
2 creatures vanquished.

Grand Total: 32 creatures vanquished

Notes
Turn   | Place    | Note
-------+----------+-------------------------------------------
     0 | D:1      | pkoi the Demigod Artificer began the quest for the Orb.
     0 | D:1      | Reached XP level 1. HP: 15/15 MP: 3/3
    32 | D:1      | Reached skill level 3 in Evocations
  1020 | D:1      | Reached XP level 2. HP: 22/22 MP: 4/4
  1547 | D:2      | You fall into a shaft and drop 2 floors!
  1630 | D:4      | Noticed an ice beast
  1699 | D:4      | Reached skill level 4 in Evocations
  1699 | D:4      | Reached XP level 3. HP: 16/27 MP: 5/5
  1712 | D:4      | Killed an ice beast
  1713 | D:4      | Reached skill level 5 in Evocations
  1713 | D:4      | Reached XP level 4. HP: 22/34 MP: 6/6
  2034 | D:4      | Reached skill level 1 in Dodging
  2034 | D:4      | Reached XP level 5. HP: 10/39 MP: 7/7
  2458 | D:4      | Found a runed translucent door.
  2458 | D:4      | Noticed Brotato's ghost (amateur GrFi)
  3025 | D:4      | Noticed Natasha
  3056 | D:4      | Killed Natasha
  3723 | D:4      | Noticed Blork the orc
  3788 | D:4      | Killed Blork the orc
  3789 | D:4      | Reached skill level 1 in Unarmed Combat
  4059 | D:4      | Noticed Natasha
  4075 | D:4      | Slain by Natasha

Illustrated notes

Levels and vault maps discovered:
D:1:      psy_arrival_whirlpool, layout_loops_ring
D:2:      layout_loops_ring
D:4:      layout_basic, old_standard_altar, gammafunk_ghost_grave,
          uniq_blork_the_orc, uniq_natasha

Skill      XL: |  1  2  3  4  5 |
---------------+----------------+-----
Evocations     | 3 4 5 |  5.7
Dodging        | 1 |  1.6
Armour         | 2 |  2.2
Unarmed Combat | 1 |  1.1
Fighting       | |  0.8
Stealth        | |  0.8

Action                   |  1- 3 |  4- 6 || total
-------------------------+-------+-------++-------
Melee: Whip              |    80 |    92 ||   172
       Club              |     2 |       ||     2
       Punch             |     3 |     2 ||     5
Evoke: Wand              |     7 |     2 ||     9
       Piece from Xom's  |     7 |    11 ||    18
  Use: Potion            |     4 |       ||     4
       Scroll            |     1 |       ||     1
 Stab: Sleeping          |     1 |       ||     1
       Petrified         |    14 |       ||    14
       Paralysed         |     7 |    13 ||    20
       Petrifying        |     1 |       ||     1
Armor: Scale mail        |    26 |    42 ||    68
       Leather armour    |     1 |       ||     1
Dodge: Dodged            |    39 |    40 ||    79
